 Seeded DCSS version 0.30-a0-168-g0b976cbdc4 (webtiles) character file.

Game seed: 12090914615902206718 (custom seed)

944 valliere the Sneak (level 7, -6/30 (36) HPs)
             Began as a Spriggan Reaver on Sept 28, 2022.
             Mangled by an ogre
             ... wielding a +0 giant club
              (26 damage)
             ... on level 5 of the Dungeon on Sept 29, 2022.
             The game lasted 00:18:13 (6258 turns).

valliere the Sneak (Spriggan Reaver)                Turns: 6258, Time: 00:18:14

HP:   -6/30 (36)    AC:  3    Str: 15    XL:     7   Next: 88%
MP:   13/14         EV: 19    Int: 13    God:
Gold: 270           SH:  0    Dex: 15    Spells: 12/15 levels left

rFire   . . .      SeeInvis +    j - +8 dagger of Currency {drain, Str+7 Int-2 SInv}
rCold   . . .      Faith    .    (no shield)
rNeg    . . .      Spirit   .    b - +0 robe
rPois   .          Reflect  .    u - +1 hat
rElec   .          Harm     .    (no cloak)
rCorr   .          Rampage  .    (gloves unavailable)
Will    +....                    (boots unavailable)
Stlth   +++.......               r - amulet of the acrobat
HPRegen 0.10/turn                (no ring)
MPRegen 0.14/turn                (no ring)

@: heavily drained, very quick
A: very small, no large weapons, unfitting armour, see invisible, speed 3
a: no special abilities


You were on level 5 of the Dungeon.
You visited 1 branch of the dungeon, and saw 5 of its levels.

You collected 270 gold pieces.

Inventory:

Hand Weapons
 a - a +0 short sword
 j - the +8 dagger of Currency (weapon) {drain, Str+7 Int-2 SInv}
   (You found it on level 2 of the Dungeon)

   A truly terrible weapon, it drains the life of any living foe it strikes.
   Str:       It affects your strength (+7).
   Int:       It affects your intelligence (-2).
   SInv:      It lets you see invisible.
 o - a +0 dagger of holy wrath
Missiles
 l - 6 poisoned darts
Armour
 b - a +0 robe (worn)
 u - a +1 hat (worn)
Jewellery
 r - an amulet of the acrobat (around neck)
Scrolls
 c - 5 scrolls of identify
 d - a scroll of vulnerability {unknown}
 f - a scroll of poison {unknown}
 g - a scroll of blinking {unknown}
 h - a scroll of magic mapping {unknown}
 i - a scroll of teleportation {unknown}
 s - 2 scrolls of acquirement {unknown}
Potions
 e - 2 potions of brilliance
 k - a potion of might
 m - 2 potions of attraction
 n - a potion of degeneration {unknown}
 p - 3 potions of heal wounds {unknown}
 q - a potion of curing {unknown}
 t - a potion of lignification {unknown}


   Skills:
 + Level 3.0 Fighting
 * Level 6.0 Short Blades
 + Level 4.8 Dodging
 * Level 7.0 Stealth
 + Level 4.6 Spellcasting
 - Level 2.1 Conjurations
 + Level 4.0 Translocations


You had 12 spell levels left.
You knew the following spells:

 Your Spells              Type           Power      Damage    Failure   Level
a - Kiss of Death         Conj/Necr      20%        2d7       12%         1
b - Momentum Strike       Conj/Tloc      22%        3d8       9%          2

Your spell library contained the following spells:

 Spells                   Type           Power      Damage    Failure   Level
 Apportation              Tloc           26%        N/A       3%          1
 Portal Projectile        Hex/Tloc       16%        N/A       26%         3
 Cigotuvi's Dreadful Rot  Necr/Pois/Air  6%         N/A       30%         2
 Hailstorm                Conj/Ice       5%         3d4       36%         3
 Tukima's Dance           Hex            3%         N/A       52%         3
 Dispel Undead            Necr           3%         3d7       89%         4
 Alistair's Intoxication  Tmut/Pois      2%         N/A       99%         5
 Blade Hands              Tmut           1%         N/A       99%         5
 Death Channel            Necr           1%         N/A       100%        6


Dungeon Overview and Level Annotations

Branches:
Dungeon (5/15)
 Temple: D:4-7

Altars:
Sif Muna
Wu Jian

Annotations:
D:1 exclusion: door
D:3 3 runed translucent doors, Girdio's ghost, amateur DsFi
D:4 Ijyb


Innate Abilities, Weirdness & Mutations

You are very small and have problems with some larger weapons.
You are too small for most types of armour.
You have supernaturally acute eyesight. (SInv)
You cover ground extremely quickly. (Speed+++)


Message History

You hit the worm. You drain the worm.
The worm is almost dead.
The worm misses you.
You puncture the worm!
You kill the worm!
No target in view!
Unknown command.
HP restored.
Found a spear.
A scorpion and an ogre come into view.
Found a scroll of identify.
You hit the scorpion but do no damage. You drain the scorpion.
The scorpion is lightly wounded.
The ogre shouts!
The scorpion stings you.
You barely miss the scorpion.
The scorpion is lightly wounded.
The scorpion barely misses you.
Unknown command.
You puncture the scorpion! You drain the scorpion.
The scorpion is almost dead.
The scorpion stings you but does no damage.
You hit the scorpion.
You kill the scorpion!
Your Short Blades skill increases to level 6!
Your Stealth skill increases to level 7!
Your Translocations skill increases to level 4!
Unknown command.
You barely miss the ogre. The ogre misses you.
You puncture the ogre! You drain the ogre.
The ogre is severely wounded.
You hit the ogre but do no damage.
The ogre is severely wounded.
The ogre hits you with a +0 giant club!
The negative energy hits the ogre.
The ogre is drained!
The ogre is almost dead.
You feel drained.
The ogre hits you with a +0 giant club!!
Ouch! That really hurt!
You die...

#.# #.# ##.# ## ...
#. #.####.##
#.......#
.##.###..##...#
.....?...##.#.#
###.####.O@)..#
##+## ####.###
##...## #.#
##.....## #.###
##.......## #.#.##
#....†....###....##
+.........+.......#
#.........#......###
##.......#.........#


You could see an ogre (very drained).

Vanquished Creatures
  Sigmund (D:2)
  An orc warrior (D:4)
  A necrophage (D:5)
  3 scorpions
  2 hounds
  An orc priest (D:3)
  An iguana (D:5)
  Terence (D:3)
  2 orc wizards
  Natasha (thrice) (D:2)
  7 gnolls
  5 adders
  A white imp (D:5)
  2 ufetubi (D:4)
  A worm (D:5)
  A dart slug (D:4)
  8 orcs
  2 bats
  5 endoplasms
  A giant cockroach (D:1)
  4 goblins
  9 hobgoblins
  3 jackals (D:1)
  5 quokkas
  4 ball pythons
  5 frilled lizards
  3 kobolds
  3 rats
85 creatures vanquished.

Notes
Turn   | Place    | Note
-------+----------+-------------------------------------------
     0 | D:1      | valliere the Spriggan Reaver began the quest for the Orb.
     0 | D:1      | Reached XP level 1. HP: 10/10 MP: 5/5
   665 | D:1      | Reached skill level 1 in Stealth
   829 | D:1      | Reached XP level 2. HP: 15/15 MP: 6/6
  1130 | D:1      | Reached skill level 1 in Translocations
  1702 | D:2      | Reached skill level 2 in Stealth
  1779 | D:2      | Noticed Sigmund
  1879 | D:1      | Learned a level 2 spell: Momentum Strike
  1973 | D:2      | Reached XP level 3. HP: 11/16 MP: 8/8
  2154 | D:2      | Identified the +8 dagger of Currency {drain, Str+7 Int-2
                  | SInv}
  2374 | D:2      | Killed Sigmund
  2375 | D:2      | Reached skill level 4 in Stealth
  2375 | D:2      | Reached XP level 4. HP: 15/23 MP: 10/10
  2375 | D:2      | Reached XP level 5. HP: 17/26 MP: 11/11
  2702 | D:2      | Noticed Natasha
  2708 | D:2      | Killed Natasha
  2871 | D:2      | Noticed Natasha
  2880 | D:2      | Killed Natasha
  3038 | D:2      | Noticed Natasha
  3046 | D:2      | Killed Natasha
  3047 | D:2      | Reached XP level 6. HP: 29/30 MP: 12/12
  3175 | D:3      | Found a runed translucent gate.
  3175 | D:3      | Found a runed translucent gate.
  3176 | D:3      | Found a runed translucent gate.
  3290 | D:3      | Noticed Terence
  3298 | D:3      | Killed Terence
  3775 | D:3      | Reached skill level 5 in Stealth
  4017 | D:3      | Found a faded altar of an unknown god.
  4084 | D:3      | Reached skill level 5 in Short Blades
  4305 | D:3      | Noticed Girdio's ghost (amateur DsFi)
  4398 | D:4      | Noticed an orc warrior
  4691 | D:4      | Found a shimmering blue altar of Sif Muna.
  4693 | D:4      | Found an ornate altar of the Wu Jian Council.
  4787 | D:4      | Reached XP level 7. HP: 28/33 MP: 14/14
  5282 | D:4      | Noticed Ijyb
  5384 | D:4      | Reached skill level 6 in Stealth
  5582 | D:4      | Upgraded the game from 0.30-a0-165-g1891117ce2 to
                  | 0.30-a0-168-g0b976cbdc4
  5836 | D:5      | Entered Level 5 of the Dungeon
  6250 | D:5      | Reached skill level 7 in Stealth
  6258 | D:5      | Mangled by an ogre

Illustrated notes

Levels and vault maps discovered:
D:1:      minmay_arrival_checkered_box, layout_loops_corners, serial_forest,
          infiniplex_forest_fountain, infiniplex_forest_straight_2,
          infiniplex_forest_corner_1, infiniplex_forest_lined_room_2,
          infiniplex_forest_lined_1, infiniplex_forest_clump_tiny,
          roderic_lattice_a, minmay_pentomino_t2
D:2:      layout_loops_ring, kennysheep_generic_room_14, uniq_sigmund,
          uniq_natasha
D:3:      minmay_angry_zag, layout_basic, gammafunk_ghost_necromancy,
          basic_ecumenical_altar, uniq_terence
D:4:      layout_cave_pods, jmf_multi_god_temple, corexii_corridor_pit,
          uniq_ijyb
D:5:      layout_loops_corners, bloody_trog

Skill      XL: |  1  2  3  4  5  6  7 |
---------------+----------------------+-----
Stealth        | 1 2 4 5 7 |  7.0
Translocations | 1 2 3 4 |  4.0
Fighting       | 2 3 |  3.0
Short Blades   | 4 5 6 |  6.0
Dodging        | 3 4 |  4.8
Spellcasting   | 3 4 |  4.6
Conjurations   | |  2.1

Action                   |  1- 3 |  4- 6 |  7- 9 || total
-------------------------+-------+-------+-------++-------
Melee: Short sword       |    94 |       |       ||    94
       Punch             |     1 |     1 |     1 ||     3
       Dagger            |     8 |   100 |    62 ||   170
Throw: Dart              |       |       |     6 ||     6
 Cast: Kiss of Death     |     2 |     3 |     1 ||     6
       Momentum Strike   |       |     3 |     1 ||     4
  Use: Potion            |       |     2 |       ||     2
       Scroll            |       |     1 |       ||     1
 Stab: Sleeping          |     4 |     2 |     5 ||    11
       Distracted        |       |       |     1 ||     1
Armor: Robe              |     5 |     2 |     1 ||     8
Dodge: Dodged            |    68 |    59 |    29 ||   156

Table legend: (Time is in decaauts)
 A = Elapsed time spent in this place.
 B = Non-inter-level travel time spent in this place.
 C = Inter-level travel time spent in this place.
 D = Time resting spent in this place.
 E = Time spent auto-exploring this place.
 F = Levels seen in this place.
 G = Mean time per level.
                   A        B        C        D        E       F      G
               +--------+--------+--------+--------+--------+-----+--------+
         Total |   4701 |   4546 |    155 |    408 |   3406 |   5 |  940.2 |
       Dungeon |   4701 |   4546 |    155 |    408 |   3406 |   5 |  940.2 |
               +--------+--------+--------+--------+--------+-----+--------+

Top non-repeatable levels by time:
     D:2: 1329 daAuts
     D:1: 1262 daAuts
     D:3: 935 daAuts
     D:4: 884 daAuts
     D:5: 289 daAuts
